 Dungeon Crawl Stone Soup version 0.22-a0-75-g1fede22 (webtiles) character file.

2859 KristoblXynda the Nimble (level 9, -8/48 HPs)
             Began as a Tengu Gladiator on Jan 12, 2018.
             Was a Believer of Okawaru.
             Mangled by an orc warrior
             ... wielding a +0 war axe
              (15 damage)
             ... on level 7 of the Dungeon.
             The game lasted 00:11:00 (6189 turns).

KristoblXynda the Nimble (Tengu Gladiator)          Turns: 6189, Time: 00:11:01

Health: -8/48      AC:  9    Str: 13 (15) XL:     9   Next: 75%
Magic:  13/13      EV: 13    Int:  9 (12) God:    Okawaru [**....]
Gold:   257        SH:  0    Dex: 14 (15) Spells: 5/8 levels left

rFire    . . .     SeeInvis .   a - +0 long sword
rCold    . . .     Gourm    .   (no shield)
rNeg     . . .     Faith    .   A - +0 scale mail
rPois    +         Spirit   .   c - +0 hat
rElec    .         Reflect  .   b - scarf {cloud immunity}
rCorr    .         Harm     .   w - +0 pair of gloves
MR       .....                  (boots unavailable)
Stlth    ..........             (no amulet)
HPRegen  0.16/turn              x - ring of poison resistance
MPRegen  0.13/turn              (no ring)

@: very slightly contaminated
A: beak, talons 3, able to fly 1
a: Fly, Heroism, Renounce Religion


You were on level 7 of the Dungeon.
You worshipped Okawaru.
Okawaru was pleased with you.
You were hungry.

You visited 2 branches of the dungeon, and saw 8 of its levels.

You collected 257 gold pieces.

Inventory:

Hand Weapons
 a - a +0 long sword (weapon)
 B - a +0 falchion of holy wrath
 C - a +0 vampiric long sword
Missiles
 d - 3 throwing nets (quivered)
Armour
 b - a scarf of cloud immunity (worn)
 c - a +0 hat (worn)
 w - a +0 pair of gloves (worn)
 A - a +0 scale mail (worn)
Magical Staves
 t - an uncursed staff of wizardry
Jewellery
 r - an uncursed ring of see invisible {unknown}
 x - a ring of poison resistance (left hand)
 y - an uncursed amulet of faith
Wands
 s - a wand of iceblast (1)
Scrolls
 e - 2 scrolls of amnesia {unknown}
 h - 3 scrolls of remove curse
 i - a scroll of noise {unknown}
 k - a scroll of random uselessness {unknown}
 n - 2 scrolls of blinking {unknown}
 o - 5 scrolls of teleportation
 v - a scroll of magic mapping {unknown}
Potions
 l - a potion of might
 u - a potion of flight
Books
 z - a book of Maledictions

   Spells                             Type                      Level
   a - Corona                         Hexes                        1
   b - Ensorcelled Hibernation        Hexes/Ice                    2
   c - Confuse                        Hexes                        3
   d - Tukima's Dance                 Hexes                        3
   e - Dazzling Spray                 Conjuration/Hexes            3
Comestibles
 f - 6 rations


   Skills:
 - Level 2.0 Fighting
 + Level 8.4 Long Blades
 - Level 2.1 Throwing
 + Level 7.5 Armour
 + Level 8.4 Dodging
 + Level 4.5 Evocations


You had 5 spell levels left.
You knew the following spells:

 Your Spells              Type           Power        Failure   Level  Hunger
a - Confuse               Hex            #.......     99%         3    ####...


Dungeon Overview and Level Annotations

Branches:
Dungeon (7/15)             Temple (1/1) D:6

Altars:
Ashenzari
Cheibriados
Dithmenos
Elyvilon
Gozag
Hepliaklqana
Nemelex Xobeh
Okawaru
Qazlal
Ru
Sif Muna
Trog
Uskayaw
Vehumet
Wu Jian
Xom
Yredelemnul
Zin


Innate Abilities, Weirdness & Mutations

You have a beak for a mouth.
You have claws for feet.
You can fly.


Message History

The orc warrior is lightly wounded.
The orc warrior hits you but does no damage.
You hit the orc warrior but do no damage.
The orc warrior is lightly wounded.
The orc warrior hits you with a war axe!!
You hit the orc warrior but do no damage.
You claw the orc warrior.
The orc warrior is moderately wounded.
The orc warrior barely misses you.
You feel much better.
The orc warrior hits you with a war axe!
You closely miss the orc warrior.
The orc warrior is moderately wounded.
The orc priest mumbles some strange prayers to Beogh against you.
Beogh smites you!
* * * LOW HITPOINT WARNING * * *
You hit the orc warrior but do no damage.
The orc warrior is moderately wounded.
The orc warrior hits you with a war axe!
You die...

#.# #............ #.##
#...........# #..#
#...........# .......#..#
#...........# .......#..#
#...........#
.......#..###...........#
.......#...##...........#
...o..o#.#.##...........#
.......#@#..#...........#
.......#o##.#...........#
........o##...(......####
....########.........# .
#..###.#### ##.# .... #.#
.... #.# .... #..


You could see an orc warrior and an orc priest.

Vanquished Creatures
  The ghost of Paulus the Fanfare of Bloodshed, a novice MiFi of Makhleb (D:7)
  Pikel (D:5)
  A hippogriff (D:7)
  Duvessa (D:5)
  An orc warrior (D:6)
  2 ogres (D:6)
  A centaur (D:7)
  Blork the orc (D:4)
  3 bullfrogs (D:6)
  Dowan (D:5)
  2 scorpions
  4 killer bees (D:7)
  A centaur zombie (D:7)
  3 crimson imps
  A centaur skeleton (D:7)
  3 hounds (D:6)
  An orc priest (D:5)
  2 orc wizards
  6 worker ants
  4 gnolls (D:3)
  6 adders
  A shadow imp (D:6)
  An ooze (D:4)
  An adder zombie (D:6)
  3 worms
  3 dart slugs
  6 leopard geckos
  6 orcs
  3 giant cockroaches
  2 goblins
  16 hobgoblins
  9 jackals
  2 kobolds (D:1)
  A quokka (D:4)
  A ball python (D:3)
  12 bats
  3 frilled lizards
  A quokka zombie (D:5)
  11 rats
128 creatures vanquished.

Vanquished Creatures (others)
  A slave (D:5)
  A crimson imp (D:5)
  A hound (D:5)
  An orc wizard (D:5)
  An iguana (D:5)
  A leopard gecko (D:5)
  6 orcs (D:5)
  4 jackals (D:5)
  A frilled lizard (D:5)
  A quokka zombie (D:5)
18 creatures vanquished.

Grand Total: 146 creatures vanquished

Notes
Turn   | Place    | Note
-------+----------+-------------------------------------------
     0 | D:1      | KristoblXynda the Tengu Gladiator began the quest for the Orb.
     0 | D:1      | Reached XP level 1. HP: 12/12 MP: 2/2
   280 | D:1      | Reached XP level 2. HP: 15/17 MP: 3/3
   542 | D:1      | Reached skill level 1 in Armour
   653 | D:1      | Reached XP level 3. HP: 19/21 MP: 4/4
   760 | D:2      | Found a glowing silver altar of Zin.
  1218 | D:2      | Reached XP level 4. HP: 20/26 MP: 5/5
  1513 | D:2      | Found a faded altar of an unknown god.
  2197 | D:3      | Gained mutation: You can fly. [Tengu growth]
  2197 | D:3      | Reached XP level 5. HP: 11/30 MP: 6/6
  2915 | D:4      | Learned a level 3 spell: Confuse
  2932 | D:4      | Noticed Blork the orc
  2943 | D:4      | Killed Blork the orc
  2943 | D:4      | Reached skill level 5 in Long Blades
  2943 | D:4      | Reached skill level 5 in Dodging
  2943 | D:4      | Reached XP level 6. HP: 19/35 MP: 7/7
  3212 | D:4      | Found a bloodstained altar of Trog.
  3320 | D:5      | Entered Level 5 of the Dungeon
  3329 | D:5      | Noticed Dowan
  3330 | D:5      | Noticed Duvessa
  3361 | D:5      | Killed Duvessa
  3391 | D:5      | Killed Dowan
  3391 | D:5      | Reached XP level 7. HP: 19/40 MP: 8/8
  3500 | D:5      | Noticed Pikel
  3527 | D:5      | Killed Pikel
  3527 | D:5      | Reached skill level 5 in Armour
  3527 | D:5      | Reached XP level 8. HP: 44/44 MP: 9/9
  3664 | D:5      | Found a snail-covered altar of Cheibriados.
  4014 | D:5      | Found a white marble altar of Elyvilon.
  4190 | D:6      | Reached skill level 1 in Evocations
  4483 | D:6      | Found a staircase to the Ecumenical Temple.
  4520 | Temple   | Entered the Ecumenical Temple
  4716 | Temple   | Became a worshipper of Warmaster Okawaru
  5326 | D:6      | Reached XP level 9. HP: 48/48 MP: 12/12
  5607 | D:6      | Reached * piety under Okawaru
  5730 | D:7      | Noticed Paulus's ghost (novice MiFi)
  5752 | D:7      | Killed Paulus's ghost
  5752 | D:7      | Reached ** piety under Okawaru
  6189 | D:7      | Mangled by an orc warrior

Vault maps used:
D:1:      minmay_arrival_glassed_features
D:2:      lemuel_round_altar, chequers_ecumenical_altar_lobes
D:4:      lightli_temple_of_fire, st_stairs_10, uniq_blork_the_orc
D:5:      elyvilon_altar_3, first_ration, cheibriados_altar_1, uniq_pikel,
          uniq_duvessa
D:6:      minmay_temple_entry_mist
Temple:   regret_index_temple_generic_petals

Skill      XL: |  1  2  3  4  5  6  7  8  9 |
---------------+----------------------------+-----
Armour         | 1 2 3 4 5 6 7 |  7.5
Long Blades    | 4 5 6 7 8 |  8.4
Dodging        | 4 5 6 7 8 |  8.4
Evocations     | 2 4 |  4.5
Fighting       | |  2.0
Throwing       | |  2.1

Action                   |  1- 3 |  4- 6 |  7- 9 || total
-------------------------+-------+-------+-------++-------
Melee: Long sword        |    58 |   136 |   192 ||   386
       Kick              |    20 |    46 |    59 ||   125
       Peck              |     9 |    27 |    44 ||    80
 Abil: Fly               |       |       |     1 ||     1
Evoke: Wand              |       |       |     8 ||     8
  Use: Scroll            |       |     5 |     1 ||     6
       Potion            |       |     3 |     9 ||    12
 Stab: Invisible         |       |       |     5 ||     5
  Eat: Chunk             |     1 |     5 |     4 ||    10
       Ration            |       |     1 |     1 ||     2
Armor: Leather armour    |     9 |       |       ||     9
       Ring mail         |     8 |    30 |       ||    38
       Skin              |       |    20 |    24 ||    44
       Scale mail        |       |    10 |    68 ||    78
Dodge: Dodged            |    34 |    98 |   139 ||   271
       Rpst.: Long sword |    11 |    26 |    48 ||    85

Table legend:
 A = Spawn XP
 B = Non-spawn XP
 C = Spawn XP percentage of total XP
 D = Spawn monster count
 E = Non-spawn monster count
 F = Spawn count percentage of total count
 G = Total turns spent on level
                    A         B        C        D         E        F      G
               +---------+---------+-------+---------+---------+-------+---------
         Total |       0 |    4085 |   0.0 |       0 |     128 |   0.0 |  6189
               +---------+---------+-------+---------+---------+-------+---------
           D:1 |       0 |      34 |   0.0 |       0 |      20 |   0.0 |   745
           D:2 |       0 |      55 |   0.0 |       0 |      17 |   0.0 |   922
           D:3 |       0 |     135 |   0.0 |       0 |      33 |   0.0 |   977
           D:4 |       0 |     230 |   0.0 |       0 |       8 |   0.0 |   676
           D:5 |       0 |     919 |   0.0 |       0 |       9 |   0.0 |   832
           D:6 |       0 |    1110 |   0.0 |       0 |      29 |   0.0 |  1293
           D:7 |       0 |    1602 |   0.0 |       0 |      12 |   0.0 |   528
               +---------+---------+-------+---------+---------+-------+---------
